Map: Blackburn LE

Players

Vanya

  • Race: Zerg Zerg

Gerald - Winner!

  • Race: Protoss Protoss

Event: DreamHack SC2 Masters 2021 Winter

VOD

Have the link to the VOD?

Description

Time

  • Played on: Oct. 6, 2021, 1:26 p.m.
  • Length: 15:56

All games in this series

Show
View Real Time Build Order
Export as new Build Order

Vanya Zerg 

Build Orders: Hatch First, Lurkers 

Get SALT Encoding   

  12  0:00  Drone  
  13  0:12  Overlord  
  13  0:16  Drone  
  14  0:30  Drone x2  
  16  0:48  Hatchery  
  15  0:51  Drone  
  15  0:54  Drone  
  17  0:57  Drone  
  18  1:08  Extractor  
  17  1:13  Spawning Pool  
  17  1:16  Drone  
  17  1:21  Drone  
  18  1:28  Drone  
  19  1:38  Drone  
  20  1:48  Overlord  
  20  2:00  Queen x2  
  20  2:01  Zergling x4  
  26  2:11  Drone x2  
  26  2:12  Metabolic Boost  
  28  2:21  Drone  
  28  2:22  Drone  
  30  2:35  Hatchery  
  29  2:39  Drone  
  29  2:41  Drone  
  31  2:47  Queen  
  33  2:52  Overlord  
  33  2:55  Drone  
  34  2:59  Drone  
  34  3:01  Drone  
  36  3:11  Zergling x4  
  36  3:12  Zergling x2  
  39  3:13  Zergling x2  
  39  3:14  Overlord  
  39  3:15  Drone x2  
  39  3:19  Drone  
  43  3:21  Spore Crawler  
  43  3:22  Drone  
  43  3:30  Drone, Evolution Chamber  
  43  3:31  Drone  
  45  3:35  Queen  
  45  3:37  Drone  
  48  3:43  Drone x3  
  48  3:45  Drone  
  52  3:49  Overlord  
  52  3:52  Drone  
  52  3:53  Drone  
  52  3:56  Drone  
  52  4:01  Drone x2, Spore Crawler  
  52  4:04  Spore Crawler  
  51  4:16  Zergling x14  
  54  4:22  Lair  
  54  4:26  Drone x3  
  54  4:28  Drone  
  58  4:33  Overlord  
  58  4:38  Roach Warren  
  57  4:48  Overlord x2  
  57  4:51  Drone, Queen  
  57  4:52  Drone x5  
  65  4:56  Drone, Extractor  
  65  4:57  Drone, Extractor  
  65  4:58  Drone  
  66  5:02  Drone  
  66  5:05  Drone  
  65  5:08  Drone  
  65  5:09  Drone x2  
  65  5:12  Drone, Spore Crawler  
  65  5:13  Drone x3  
  71  5:19  Glial Reconstitution  
  71  5:21  Extractor x2  
  69  5:33  Drone x2  
  69  5:35  Hatchery, Overlord  
  70  5:39  Drone x4  
  70  5:42  Drone x4, Extractor  
  76  5:43  Hydralisk Den  
  76  5:46  Drone x3  
  76  5:49  Drone  
  78  5:56  Queen x2  
  82  6:07  Queen  
  84  6:13  Grooved Spines  
  84  6:15  Overlord  
  84  6:16  Hydralisk x3  
  90  6:23  Overlord  
  90  6:29  Overlord  
  89  6:37  Drone x7  
  89  6:39  Hydralisk x3  
  92  6:48  Hydralisk x3  
  92  6:49  Hydralisk x2  
  102  7:01  Hydralisk  
  102  7:02  Hydralisk x2  
  107  7:11  Drone, Overlord  
  108  7:17  Hydralisk x5  
  118  7:24  Muscular Augments, Overlord x2  
  118  7:25  Drone  
  119  7:32  Drone x4  
  119  7:35  Hydralisk x3  
  124  7:41  Overlord  
  124  7:44  Hydralisk x2  
  127  7:52  Roach x5  
  133  8:05  Zergling x16  
  141  8:15  Overlord  
  141  8:16  Zergling x14  
  141  8:18  Overseer  
  148  8:27  Ravager x3  
  148  8:28  Overlord x2  
  149  8:35  Hydralisk x4  
  149  8:38  Zergling x4  
  149  8:40  Overseer  
  159  8:42  Overlord  
  159  8:46  Overlord  
  159  8:50  Hydralisk x3  
  161  8:57  Zergling x12  
  161  9:05  Zergling x12  
  144  9:12  Zergling x12  
  139  9:20  Hydralisk  
  139  9:21  Hydralisk x3  
  139  9:23  Zergling x4  
  138  9:33  Hydralisk x4  
  144  9:43  Roach x3  
  144  9:44  Roach x4  
  158  9:54  Roach x5  
  158  9:55  Roach x2  
  158  9:59  Overlord  
  170  10:04  Overlord  
  170  10:05  Zergling x14  
  170  10:10  Zergling x6  
  170  10:11  Zergling x4  
  170  10:17  Zergling x4  
  167  10:22  Zergling x10  
  167  10:26  Hydralisk x4  
  178  10:33  Drone x2, Infestation Pit  
  176  10:39  Drone x2  
  153  10:48  Hydralisk x2  
  153  10:49  Queen  
  156  10:57  Drone x3  
  158  11:00  Spore Crawler  
  158  11:01  Hatchery, Evolution Chamber x2  
  158  11:02  Zergling x6  
  154  11:09  Drone x5  
  157  11:12  Hive  
  157  11:15  Drone x2  
  157  11:16  Drone, Queen x2  
  164  11:20  Drone  
  164  11:21  Overseer  
  165  11:28  Zerg Missile Weapons Level 1, Zerg Ground Armor Level 1, Lurker Den, Extractor  
  165  11:29  Extractor  
  165  11:30  Drone x3  
  165  11:36  Pneumatized Carapace  
  165  11:37  Overseer  
  165  11:39  Drone x4  
  170  11:40  Drone  
  168  11:49  Drone x5  
  168  11:50  Drone x3  
  174  11:59  Overlord  
  174  12:00  Hydralisk x4  
  179  12:03  Drone x2  
  176  12:10  Drone  
  176  12:11  Drone x3  
  180  12:18  Spore Crawler  
  180  12:20  Extractor  
  180  12:21  Zergling x2, Spine Crawler  
  180  12:22  Zergling x12  
  184  12:24  Ravager x3, Extractor  
  184  12:25  Ravager x3  
  189  12:31  Seismic Spines  
  189  12:36  Overseer  
  189  12:38  Zergling x12  
  189  12:42  Overlord  
  195  12:46  Overlord  
  193  12:52  Viper  
  196  13:05  Overseer  
  196  13:07  Viper  
  196  13:08  Lurker  
  179  13:20  Lurker x4  
  179  13:21  Lurker x4  
  179  13:25  Zergling x24  
  199  13:28  Adaptive Talons  
  199  13:29  Zerg Missile Weapons Level 2  
  199  13:30  Zerg Ground Armor Level 2  
  196  13:46  Hydralisk x7  
  194  13:50  Hydralisk x3  
  194  13:51  Hydralisk x2, Roach x2  
  194  13:52  Roach  
  194  13:57  Hydralisk x4  
  196  14:06  Hydralisk x3  
  198  14:14  Lurker  
  197  14:18  Lurker x4  
  193  14:34  Zergling x14  
  180  14:38  Hydralisk  
  180  14:39  Hydralisk x9  
  180  14:40  Zergling x2  
  180  14:45  Overseer  
  168  15:02  Overlord  
  168  15:05  Overlord  
  168  15:06  Overlord x2  
  159  15:10  Overlord x2  
  159  15:12  Overlord x3  
  159  15:13  Overlord  
  159  15:17  Overlord x2  
  148  15:23  Lurker x4  
  145  15:30  Hydralisk  
  145  15:31  Hydralisk x5  
Show
View Real Time Build Order
Export as new Build Order

Gerald Protoss - Winner!

Build Orders: 1 Gate Expand, Oracle Opening 

Get SALT Encoding   

  12  0:00  Probe  
  13  0:12  Probe  
  14  0:19  Pylon  
  14  0:24  Probe  
  15  0:37  Probe (Chrono Boost)  
  15  0:41  Gateway  
  16  0:47  Probe (Chrono Boost)  
  17  0:50  Assimilator  
  17  0:52  Probe (Chrono Boost)  
  18  1:04  Probe  
  19  1:16  Probe  
  20  1:28  Nexus  
  20  1:39  Cybernetics Core  
  20  1:41  Probe  
  21  1:49  Assimilator  
  21  1:53  Probe  
  22  1:58  Pylon  
  22  2:05  Probe  
  23  2:13  Adept (Chrono Boost)  
  23  2:17  Probe  
  23  2:20  Stargate  
  26  2:29  Probe  
  26  2:31  Warp Gate  
  26  2:34  Adept (Chrono Boost)  
  28  2:39  Probe  
  28  2:41  Probe  
  30  2:52  Probe  
  30  2:53  Probe  
  30  2:56  Adept  
  34  3:06  Oracle (Chrono Boost), Probe  
  34  3:09  Probe  
  34  3:12  Pylon  
  39  3:18  Probe  
  40  3:21  Probe  
  41  3:29  Void Ray (Chrono Boost)  
  41  3:30  Probe  
  41  3:33  Probe  
  43  3:37  Gateway  
  47  3:43  Probe  
  47  3:45  Pylon  
  47  3:48  Assimilator  
  48  3:59  Probe x2  
  46  4:09  Assimilator, Stargate  
  46  4:11  Probe x2  
  46  4:13  Gateway  
  46  4:21  Adept  
  46  4:23  Probe  
  49  4:28  Nexus  
  49  4:29  Probe  
  49  4:30  Pylon  
  50  4:34  Phoenix (Chrono Boost)  
  50  4:35  Probe  
  53  4:43  Pylon  
  53  4:44  Probe  
  54  4:49  Adept x2  
  58  4:53  Phoenix (Chrono Boost)  
  58  4:58  Probe x2  
  61  5:10  Probe, Shield Battery  
  61  5:13  Phoenix  
  64  5:14  Phoenix  
  64  5:17  Probe  
  64  5:21  Pylon  
  67  5:29  Shield Battery  
  67  5:37  Protoss Air Weapons Level 1  
  67  5:39  Phoenix (Chrono Boost)  
  67  5:40  Phoenix (Chrono Boost)  
  71  5:47  Probe  
  71  5:48  Adept x2, Probe  
  77  5:52  Pylon  
  77  5:53  Probe  
  78  5:58  Phoenix (Chrono Boost)  
  78  5:59  Probe  
  78  6:00  Probe  
  82  6:06  Probe  
  82  6:07  Robotics Facility  
  82  6:11  Phoenix, Probe  
  84  6:13  Probe  
  84  6:18  Probe  
  88  6:20  Twilight Council  
  88  6:23  Forge  
  88  6:28  Phoenix  
  88  6:29  Probe  
  91  6:36  Probe  
  91  6:37  Probe  
  91  6:40  Phoenix  
  91  6:48  Probe  
  91  6:53  Gateway  
  92  6:54  Gateway  
  92  6:56  Immortal, Probe  
  92  6:58  Assimilator  
  97  7:02  Assimilator  
  97  7:03  Robotics Bay  
  97  7:14  Zealot x2  
  97  7:15  Probe  
  99  7:16  Blink, Protoss Ground Weapons Level 1  
  99  7:21  Pylon  
  99  7:25  Probe  
  100  7:38  Pylon  
  100  7:39  Immortal (Chrono Boost), Robotics Facility  
  100  7:42  Pylon  
  104  7:44  Gateway  
  104  7:45  Gateway  
  104  7:49  Pylon  
  104  7:56  Stalker x4  
  112  8:04  Photon Cannon, Probe, Shield Battery  
  113  8:10  Pylon  
  111  8:15  Probe, Disruptor (Chrono Boost)  
  111  8:19  Gateway  
  113  8:22  Gateway, Nexus  
  113  8:26  Stalker  
  115  8:31  Disruptor (Chrono Boost)  
  118  8:36  Stalker  
  118  8:40  Pylon  
  120  8:43  Disruptor (Chrono Boost)  
  120  8:45  Shield Battery  
  123  8:56  Stalker x5  
  133  9:09  Disruptor (Chrono Boost)  
  127  9:12  Stalker  
  126  9:18  Disruptor  
  126  9:25  Stalker x2  
  126  9:26  Stalker x2  
  126  9:28  Pylon  
  133  9:32  Gateway  
  133  9:34  Gateway  
  133  9:45  Disruptor  
  133  9:47  Nexus  
  133  9:49  Pylon  
  136  9:58  Zealot x2  
  133  10:01  Stalker x3  
  133  10:04  Zealot  
  132  10:14  Disruptor (Chrono Boost)  
  132  10:18  Zealot  
  132  10:20  Disruptor (Chrono Boost)  
  128  10:51  Protoss Ground Weapons Level 2 (Chrono Boost)  
  128  11:02  Pylon  
  128  11:03  Pylon  
  128  11:05  Templar Archives  
  128  11:08  Pylon  
  128  11:10  Nexus x2  
  128  11:11  Pylon  
  128  11:13  Assimilator  
  128  11:20  Pylon  
  128  11:21  Warp Prism (Chrono Boost), Observer (Chrono Boost), Probe  
  132  11:38  Adept x2  
  132  11:39  Adept x5, Zealot  
  148  11:44  Psionic Storm  
  149  11:54  Probe  
  149  11:56  Probe  
  146  12:11  High Templar x3  
  146  12:12  High Templar x3  
  146  12:13  Probe  
  146  12:15  Photon Cannon  
  153  12:16  Shield Battery  
  153  12:23  Stalker  
  155  12:34  Probe x2  
  155  12:35  Probe, Charge (Chrono Boost)  
  158  12:37  Immortal x2  
  166  12:48  Zealot x5  
  164  13:07  Zealot x2  
  164  13:08  Zealot x4  
  176  13:17  Immortal x2  
  164  13:30  Zealot x4  
  164  13:31  Zealot x3  
  169  13:52  Zealot x2  
  169  13:53  Zealot x5  
  172  13:55  Disruptor  
  172  13:56  Immortal  
  167  14:15  Stalker x8  
  183  14:21  Probe  
  171  14:44  Zealot x8  
  187  14:54  Immortal  
  172  15:06  Archon  
  159  15:08  Observer  
  153  15:25  Zealot x10  
  173  15:29  Observer, Probe x2  

Tags
 
Add a new tag
Caveats
  • Supply blocks, unpowered buildings, or Contaminate may cause inaccurate times.
  • Supply counts are checked every 10 seconds.